 Dungeon Sprint DCSS version 0.20-a0-544-g2b9a704 (webtiles) character file.

6228 Kidiri the Unseen (level 10, -9/53 HPs)
             Began as a Spriggan Enchanter on Jan 31, 2017.
             Was the Champion of Dithmenos.
             Mangled by a death cob (11 damage)
             ... in the Dungeon (Sprint VII: "The Pits").
             The game lasted 00:07:02 (1123 turns).

Kidiri the Unseen (Spriggan Enchanter)              Turns: 1123, Time: 00:07:03

Health: -9/53      AC:  6    Str:  4    XL:     10   Next: 61%
Magic:  28/28      EV: 32    Int: 20    God:    Dithmenos [******]
Gold:   0          SH:  0    Dex: 20    Spells: 23/35 levels left

rFire    . . .     SeeInvis +   p - +1 dagger (venom)
rCold    . . .     Gourm    .   b - +0 robe
rNeg     . . .     Faith    .   (shield restricted)
rPois    .         Spirit   .   (helmet restricted)
rElec    .         Reflect  .   u - +0 cloak
rCorr    .         Harm     .   (gloves unavailable)
MR       +....     NoTele   +   (boots unavailable)
Stlth    ++++++++++             (no amulet)
Regen    0.2/turn               q - +3 ring of intelligence
                                k - +3 ring of protection

@: slowed, wreathed by umbra, quick
A: unfitting armour, see invisible, herbivore 3, speed 3, slow metabolism 2
a: Shadow Step, Shadow Form, Renounce Religion


You were in the Dungeon.
You worshipped Dithmenos.
Dithmenos was exalted by your worship.
You were not hungry.

You visited 1 branch

Inventory:

Hand Weapons
 p - a +1 dagger of venom (weapon)
Armour
 b - a +0 robe (worn)
 u - a +0 cloak (worn)
Jewellery
 k - a +3 ring of protection (left hand)
 q - a +3 ring of intelligence (right hand)
Scrolls
 j - a scroll of blinking
 l - 3 scrolls of remove curse
 m - 5 scrolls of amnesia
 n - a scroll of summoning
Potions
 a - 2 potions of invisibility
 e - 9 potions of curing
 f - 9 potions of heal wounds
 g - a potion of haste
 i - 4 potions of berserk rage
 r - a potion of agility
 s - 2 potions of resistance
 t - a potion of might
Books
 c - a book of Maledictions

   Spells                             Type                      Level
   a - Corona                         Hexes                        1
   b - Ensorcelled Hibernation        Hexes/Ice                    2
   c - Confuse                        Hexes                        3
   d - Tukima's Dance                 Hexes                        3
   e - Dazzling Spray                 Conjuration/Hexes            3
Comestibles
 d - 8 bread rations
 o - 40 fruits


   Skills:
 + Level 6.5 Fighting
 * Level 11.9 Short Blades
 + Level 5.9 Armour
 * Level 15.0 Dodging
 * Level 16.5 Stealth
 * Level 13.1 Spellcasting
 + Level 10.3 Hexes


You had 23 spell levels left.
You knew the following spells:

 Your Spells              Type           Power        Failure   Level  Hunger
a - Corona                Hex            ######.      1%          1    None
b - Ensorcelled Hibernat  Hex/Ice        ####..       1%          2    None
c - Confuse               Hex            ######..     1%          3    None
d - Tukima's Dance        Hex            ######..     1%          3    None
e - Dazzling Spray        Conj/Hex       ####..       1%          3    None


Dungeon Overview and Level Annotations

Branches:
Dungeon (1/1)

Altars:
Ashenzari
Cheibriados
Dithmenos
Elyvilon
Fedhas
Gozag
Hepliaklqana
Kikubaaqudgha
Makhleb
Nemelex Xobeh
Okawaru
Qazlal
Ru
Sif Muna
Trog
Uskayaw
Vehumet
Xom
Yredelemnul
Zin
The Shining One
Beogh
Jiyva
Lugonu


Innate Abilities, Weirdness & Mutations

You are very small and have problems with some larger weapons.
You are too small for most types of armour.
You have supernaturally acute eyesight. (SInv)
You are a herbivore.
You cover ground extremely quickly.
You need consume almost no food.


Message History

The orc priest calls upon Beogh to heal something.
The death cob closely misses you. As you open the door, it creaks loudly!
The death cob misses you. The death cob hits you.
The death cob drains your vigour!
You feel as though you will be slow longer.
The death cob completely misses you. The redback completely misses you.
The death cob completely misses you. The death cob completely misses you.
The redback bites you but does no damage.
There is an open door here.
The death cob hits you!!
* * * LOW HITPOINT WARNING * * *
You emit a cloud of dark smoke.
The death cob drains your vigour!
You feel as though you will be slow longer.
The death cob barely misses you.
You see here a robe.
You open the door. The death cob completely misses you. x2
The death cob hits you!
You die...

))#####+#####''######
))##.......##''##### ##
))##.......##......# #.o
..##.......##...)### ## #.o.
+###...<...##..(##.+ +.## ....#
..##.......##..##..##+##..##...#
..##.......##..#§§##...##..'...#
####.......##..#§§#§....#o.#...#g
)%###########..'@zy§yt..oo.'...'.
.############[†#§s#.....#..#...#.
.#....#..[[##..#§§##...##..'...#
+#....#...[##..##.)##'##..##...#
.+....+..))##...##.'...+.## ....#
+#.%..#..))##....###...## #...
)#....#..))##......#...+ #.
######################## ##


You could see a death cob, a redback and a killer bee.

Vanquished Creatures
  A vampire mage (D)
  A shadow wraith (D)
  A swamp dragon (D)
  2 deep elf magi (D)
  An orc sorcerer (D)
  A manticore (D)
  A cyclops (D)
  A polar bear (D)
  3 blink frogs (D)
  A flying skull (D)
  6 yaks (D)
  A wraith (D)
  A tarantella (D)
  Edmund (D)
  A bullfrog (D)
  A scorpion (D)
  2 killer bees (D)
  A crimson imp (D)
  A quasit (D)
  2 orc wizards (D)
  2 jellies (D)
  Ijyb (D)
  2 gnolls (D)
  A river rat (D)
  An ufetubus (D)
  An ooze (D)
  A worm (D)
  3 leopard geckos (D)
  4 orcs (D)
  A ball python (D)
  A bat zombie (D)
  A quokka (D)
  A frilled lizard (D)
50 creatures vanquished.

Notes
Turn   | Place    | Note
-------+----------+-------------------------------------------
     0 | D        | Kidiri the Spriggan Enchanter began the quest for the Orb.
     0 | D        | Reached XP level 1. HP: 9/9 MP: 5/5
    15 | D        | Reached skill level 5 in Stealth
    15 | D        | Reached XP level 2. HP: 14/14 MP: 7/7
    19 | D        | Learned a level 2 spell: Ensorcelled Hibernation
    56 | D        | Found a radiant altar of Vehumet.
    56 | D        | Found a hide-covered altar of Uskayaw.
    56 | D        | Found an ancient bone altar of Kikubaaqudgha.
    56 | D        | Found a viscous altar of Jiyva.
    56 | D        | Found a hazy altar of Hepliaklqana.
    57 | D        | Found a bloodstained altar of Trog.
    57 | D        | Found a deep blue altar of Sif Muna.
    57 | D        | Found a sacrificial altar of Ru.
    57 | D        | Found a stormy altar of Qazlal.
    57 | D        | Found an iron altar of Okawaru.
    57 | D        | Found a sparkling altar of Nemelex Xobeh.
    57 | D        | Found an opulent altar of Gozag.
    57 | D        | Found a blossoming altar of Fedhas.
    57 | D        | Found a white marble altar of Elyvilon.
    57 | D        | Found a shadowy altar of Dithmenos.
    57 | D        | Found a snail-covered altar of Cheibriados.
    58 | D        | Found a glowing golden altar of the Shining One.
    58 | D        | Found a glowing silver altar of Zin.
    59 | D        | Found a burning altar of Makhleb.
    59 | D        | Found a basalt altar of Yredelemnul.
    59 | D        | Found a roughly hewn altar of Beogh.
    60 | D        | Found a corrupted altar of Lugonu.
    60 | D        | Found a shimmering altar of Xom.
    60 | D        | Found a shattered altar of Ashenzari.
    66 | D        | Became a worshipper of Dithmenos the Shadowed
   111 | D        | Reached skill level 1 in Fighting
   113 | D        | Reached skill level 1 in Armour
   113 | D        | Reached skill level 6 in Stealth
   113 | D        | Reached XP level 3. HP: 18/18 MP: 9/9
   123 | D        | Learned a level 3 spell: Confuse
   127 | D        | Learned a level 3 spell: Tukima's Dance
   129 | D        | Reached * piety under Dithmenos
   154 | D        | Reached ** piety under Dithmenos
   182 | D        | Reached *** piety under Dithmenos
   202 | D        | Reached skill level 5 in Dodging
   202 | D        | Reached skill level 7 in Stealth
   202 | D        | Reached XP level 4. HP: 9/23 MP: 1/11
   422 | D        | Learned a level 3 spell: Dazzling Spray
   439 | D        | Reached **** piety under Dithmenos
   439 | D        | Reached skill level 5 in Spellcasting
   439 | D        | Reached skill level 5 in Hexes
   444 | D        | Noticed a deep elf mage
   446 | D        | Killed a deep elf mage
   446 | D        | Reached skill level 10 in Stealth
   446 | D        | Reached XP level 5. HP: 28/28 MP: 11/16
   446 | D        | Reached XP level 6. HP: 32/32 MP: 12/18
   449 | D        | Noticed a flying skull
   451 | D        | Killed a flying skull
   451 | D        | Reached ***** piety under Dithmenos
   451 | D        | Reached skill level 10 in Dodging
   451 | D        | Reached skill level 11 in Stealth
   451 | D        | Reached XP level 7. HP: 37/37 MP: 14/20
   491 | D        | Noticed a shadow wraith
   493 | D        | Killed a shadow wraith
   493 | D        | Reached skill level 12 in Stealth
   493 | D        | Reached XP level 8. HP: 42/42 MP: 20/22
   496 | D        | Noticed Ijyb
   502 | D        | Killed Ijyb
   514 | D        | Noticed a polar bear
   535 | D        | Killed a polar bear
   535 | D        | Reached skill level 13 in Stealth
   535 | D        | Reached skill level 10 in Spellcasting
   541 | D        | Reached ****** piety under Dithmenos
   689 | D        | Noticed a cyclops
   690 | D        | Noticed Edmund
   691 | D        | Killed a cyclops
   691 | D        | Reached skill level 5 in Fighting
   693 | D        | Killed Edmund
   693 | D        | Reached XP level 9. HP: 47/47 MP: 19/24
   694 | D        | Noticed a swamp dragon
   706 | D        | Killed a swamp dragon
   706 | D        | Reached skill level 10 in Short Blades
   706 | D        | Reached skill level 14 in Stealth
   707 | D        | Reached skill level 5 in Armour
   875 | D        | Noticed a deep elf mage
   877 | D        | Reached skill level 15 in Stealth
   879 | D        | Killed a deep elf mage
   879 | D        | Reached XP level 10. HP: 53/53 MP: 17/27
   950 | D        | Noticed a vampire mage
   964 | D        | Killed a vampire mage
   964 | D        | Reached skill level 16 in Stealth
   964 | D        | Reached skill level 10 in Hexes
  1095 | D        | Noticed a manticore
  1097 | D        | Noticed a death cob
  1097 | D        | Noticed an orc sorcerer
  1098 | D        | Killed a manticore
  1110 | D        | Killed an orc sorcerer
  1110 | D        | Reached skill level 15 in Dodging
  1121 | D        | HP: 2/53 [death cob (26)]
  1123 | D        | Mangled by a death cob

Vault maps used:
D:        pitsprint

Skill      XL: |  1  2  3  4  5  6  7  8  9 10 |
---------------+-------------------------------+-----
Short Blades   | 2 3 6 7 8 9 10 11 | 11.9
Stealth        | 5 6 7 10 11 12 13 15 16 | 16.5
Spellcasting   | 3 4 8 9 10 12 13 | 13.1
Hexes          | 4 6 7 8 9 10 | 10.3
Fighting       | 1 3 4 5 6 |  6.5
Dodging        | 4 5 9 10 11 12 13 15 | 15.0
Armour         | 1 3 4 5 |  5.9

Action                   |  1- 3 |  4- 6 |  7- 9 | 10-12 || total
-------------------------+-------+-------+-------+-------++-------
Melee: Dagger            |    31 |     6 |    52 |    18 ||   107
 Cast: Ensorcelled Hiber |     8 |       |     1 |     5 ||    14
       Tukima's Dance    |     2 |       |       |       ||     2
       Confuse           |     1 |       |     3 |     2 ||     6
       Corona            |     1 |       |       |       ||     1
       Dazzling Spray    |       |       |     6 |    15 ||    21
Invok: Shadow Step       |       |       |     4 |     1 ||     5
  Use: Potion            |     3 |       |       |     2 ||     5
 Stab: Sleeping          |    10 |     6 |    11 |     2 ||    29
       Confused          |       |       |     3 |       ||     3
       Invisible         |       |       |     5 |     3 ||     8
Armor: Robe              |     3 |       |     1 |     3 ||     7
Dodge: Dodged            |    31 |       |    46 |    77 ||   154
